[Event "Titled Tuesday Blitz May 30 Early 2023"]
[White "Herzog2012"]
[Black "Lakshmi C"]
[BlackFideId "25035347"]
[WhiteElo "2389"]
[BlackElo "1942"]
[Result "1-0"]
[Round "06"]
[TimeControl "180+2"]
[Date "2023.05.30"]
[WhiteClock "0:01:04"]
[BlackClock "0:00:02"]

1. e4 b6 2. d4 d6 3. Nc3 Bb7 4. d5 c6 5. dxc6 Nxc6 6. Nf3 Nf6 7. Bb5 a6 8. Ba4 b5 9. Bb3 Na5 10. Qe2 Nxb3 11. axb3 Qc7 12. Bg5 h6 13. Bxf6 gxf6 14. Nd5 Qc5 15. b4 Qc4 16. Qxc4 bxc4 17. Nc7+ Kd7 18. Nxa8 Bxa8 19. Nd2 Bb7 20. Nxc4 Bg7 21. f3 Kc7 22. O-O e6 23. c3 d5 24. exd5 Bxd5 25. Ne3 Bb7 26. Rfd1 f5 27. Nc4 Bf8 28. Na5 Bc8 29. Rd4 Rg8 30. Rc4+ Kb6 31. Rc6+ 1-0


[Site "https://www.chess.com"]

[Event "Titled Tuesday Blitz May 30 Early 2023"]
[White "Theytookourjobs"]
[Black "Kriti Mayur Patel"]
[BlackFideId "35061780"]
[WhiteElo "2324"]
[BlackElo "1306"]
[Result "0-1"]
[Round "06"]
[TimeControl "180+2"]
[Date "2023.05.30"]
[WhiteClock "0:00:00"]
[BlackClock "0:01:29"]

1. d4 d5 2. Bf4 Nf6 3. e3 e6 4. Nf3 Bd6 5. Ne5 O-O 6. Nd2 c5 7. c3 Nc6 8. Bd3 Bxe5 9. dxe5 Nd7 10. Nf3 f6 11. exf6 Qxf6 12. Qc2 h6 13. h4 e5 14. Bg5 Qf7 15. Bh7+ Kh8 16. Bg6 Qe6 17. O-O-O e4 18. h5 exf3 19. Bf4 fxg2 20. Rhg1 Nde5 21. Rxg2 Qh3 22. Rdg1 Bg4 23. Rg3 Qh4 24. Qd2 Nf3 25. Rxg4 Qxg4 26. Rxg4 Nxd2 27. Kxd2 d4 28. Bd6 Rfd8 29. Bxc5 dxc3+ 30. Kxc3 Ne5 31. Rf4 Rac8 32. b4 b6 33. Re4 Nxg6 34. hxg6 bxc5 35. b5 Rb8 36. Kc4 Rd6 37. Re7 Rxg6 38. a4 Rgb6 39. f4 a6 40. e4 axb5+ 41. Kxc5 bxa4 42. f5 a3 43. Ra7 Rb5+ 44. Kd6 Rb4 45. Rxa3 Rxe4 46. Rf3 Rg4 47. Kd5 Rg5 48. Ke6 Rf8 49. Rf4 Kg8 50. Rf3 g6 51. f6 Rf5 0-1


[Site "https://www.chess.com"]

[Event "Titled Tuesday Blitz May 30 Early 2023"]
[White "dDobravcan"]
[Black "Mirzanurov, Bulat"]
[BlackFideId "4184521"]
[WhiteElo "2105"]
[BlackElo "2005"]
[Result "1/2-1/2"]
[Round "06"]
[TimeControl "180+2"]
[Date "2023.05.30"]
[WhiteClock "0:00:26"]
[BlackClock "0:00:05"]

1. e4 c5 2. b4 cxb4 3. Bb2 d6 4. a3 Nf6 5. d3 bxa3 6. Nxa3 g6 7. Nf3 Bg7 8. Be2 O-O 9. O-O Nc6 10. h3 a6 11. c4 Re8 12. Qb1 Qb6 13. Nc2 Bd7 14. Ne3 Rec8 15. Bxf6 Qxb1 16. Raxb1 Bxf6 17. Rxb7 Be8 18. Nd5 Rcb8 19. Rfb1 Rxb7 20. Nxf6+ exf6 21. Rxb7 Ne5 22. Nd4 a5 23. f4 Nc6 24. Nb5 a4 25. Nxd6 a3 26. Rb1 a2 27. Ra1 Nb4 28. Bd1 Nxd3 29. Nxe8 Rxe8 30. Rxa2 Rxe4 31. Bf3 Rxc4 32. g3 Rc1+ 33. Kg2 Ne1+ 34. Kf2 Nxf3 35. Kxf3 Rc3+ 36. Kf2 Kg7 37. g4 Rxh3 38. Ra7 Rc3 39. Kg2 g5 40. f5 Rc4 41. Kg3 Rc3+ 42. Kg2 Rc2+ 43. Kg3 Rc3+ 44. Kg2 1/2-1/2


[Site "https://www.chess.com"]

[Event "Titled Tuesday Blitz May 30 Early 2023"]
[White "MunichMouse"]
[Black "Winkels, Marcel"]
[BlackFideId "1003887"]
[WhiteElo "2258"]
[BlackElo "1900"]
[Result "1-0"]
[Round "06"]
[TimeControl "180+2"]
[Date "2023.05.30"]
[WhiteClock "0:00:09"]
[BlackClock "0:00:00"]

1. d4 Nf6 2. c4 g6 3. g3 Bg7 4. Bg2 c6 5. e4 d6 6. Nc3 O-O 7. Nge2 Nbd7 8. O-O e5 9. d5 cxd5 10. cxd5 a5 11. h3 Nc5 12. Be3 b6 13. a3 Ba6 14. b4 axb4 15. axb4 Ncd7 16. Qd2 Nh5 17. Kh2 f5 18. f3 f4 19. gxf4 exf4 20. Bd4 Ne5 21. b5 Bb7 22. Rxa8 Qxa8 23. Bxb6 Qc8 24. Bd4 g5 25. Rc1 Qd7 26. Bxe5 Bxe5 27. Nd4 Nf6 28. Nc6 h5 29. Ne2 g4 30. Nxe5 dxe5 31. Qb2 Bc8 32. Qxe5 gxf3 33. Nxf4 fxg2 34. Rg1 Kh7 35. Rxg2 Qf7 36. Ne6 Rg8 37. Ng5+ Rxg5 38. Rxg5 Ng4+ 39. Rxg4 hxg4 40. Qg3 1-0


[Site "https://www.chess.com"]

[Event "Titled Tuesday Blitz May 30 Early 2023"]
[White "Torres Dominguez, David"]
[Black "MANOJ_MISHRA123"]
[WhiteFideId "2220857"]
[WhiteElo "1999"]
[BlackElo "2253"]
[Result "0-1"]
[Round "06"]
[TimeControl "180+2"]
[Date "2023.05.30"]
[WhiteClock "0:00:00"]
[BlackClock "0:02:41"]

1. e4 Nf6 2. d3 e5 3. f4 Nc6 4. Nf3 Bc5 5. Nc3 d6 6. Be2 Ng4 7. Rf1 Nxh2 8. Rh1 Ng4 9. Kf1 Nf2 10. Qe1 Nxh1 0-1


[Site "https://www.chess.com"]

[Event "Titled Tuesday Blitz May 30 Early 2023"]
[White "Le, Tuan Minh"]
[Black "Nihal Sarin"]
[WhiteFideId "12401153"]
[BlackFideId "25092340"]
[WhiteElo "2566"]
[BlackElo "2689"]
[Result "0-1"]
[Round "07"]
[TimeControl "180+2"]
[Date "2023.05.30"]
[WhiteClock "0:00:00"]
[BlackClock "0:00:08"]

1. d4 Nf6 2. Nf3 d5 3. Bg5 Ne4 4. Bf4 c5 5. c3 Nc6 6. e3 Bf5 7. Qb3 Qd7 8. Nbd2 c4 9. Qd1 e6 10. Nh4 Nxd2 11. Qxd2 Bg4 12. h3 Bh5 13. g4 Be7 14. Nf5 exf5 15. gxh5 g5 16. hxg6 hxg6 17. Bg2 Bd6 18. Bxd6 Qxd6 19. b3 Na5 20. Rb1 b6 21. Kf1 Kf8 22. Bf3 Kg7 23. Kg2 Rh4 24. bxc4 Nxc4 25. Qe2 a6 26. Kg1 Re8 27. Re1 b5 28. Qd3 Reh8 29. Kg2 Qd8 30. Reg1 Qd6 31. Rb1 Qe6 32. Rbe1 Nd6 33. a4 Ne4 34. axb5 axb5 35. Kg1 Ng5 36. Bg2 f4 37. Qd1 Nxh3+ 38. Kf1 Qf6 39. Qf3 Ng5 40. Qxd5 f3 41. Bxf3 Nxf3 42. Rxh4 Rxh4 43. Rd1 Rh2 44. Ke2 Ng1+ 45. Kd3 Nh3 46. Kc2 Nxf2 47. Rd2 Ng4 48. Qe4 Rxd2+ 49. Kxd2 Qf2+ 50. Kd3 Qf1+ 51. Kd2 Qd1+ 0-1


[Site "https://www.chess.com"]

[Event "Titled Tuesday Blitz May 30 Early 2023"]
[White "Naroditsky, Daniel"]
[Black "Kramnik, Vladimir"]
[WhiteFideId "2026961"]
[BlackFideId "4101588"]
[WhiteElo "2633"]
[BlackElo "2703"]
[Result "1-0"]
[Round "07"]
[TimeControl "180+2"]
[Date "2023.05.30"]
[WhiteClock "0:00:02"]
[BlackClock "0:00:00"]

1. e4 c5 2. c3 d5 3. exd5 Qxd5 4. d4 Nf6 5. Nf3 Nc6 6. dxc5 Qxd1+ 7. Kxd1 Bf5 8. Be3 Nd5 9. Nbd2 O-O-O 10. Bb5 e6 11. Bxc6 bxc6 12. Nd4 Nxe3+ 13. fxe3 Bxc5 14. Ke2 Bg4+ 15. Kf2 e5 16. N4b3 Be7 17. h3 Be6 18. Nf3 f6 19. Rhd1 Kc7 20. Ne1 c5 21. Nf3 c4 22. Nbd2 Bc5 23. Ke2 Rd3 24. Nf1 Rhd8 25. Ne1 Rxd1 26. Rxd1 Rxd1 27. Kxd1 Bd5 28. Ke2 f5 29. Nd2 Kd6 30. b4 cxb3 31. axb3 g5 32. b4 Bb6 33. c4 Bc6 34. c5+ Bxc5 35. bxc5+ Kxc5 36. Nd3+ Kd6 37. Nc4+ Kd5 38. Ncxe5 Bb5 39. Kd2 a5 40. Nf7 g4 41. hxg4 fxg4 42. Nh6 g3 43. Nf5 a4 44. Nxg3 a3 45. Nc1 Ke5 46. Nge2 Bc6 47. Nf4 Ke4 48. Ke2 Bb5+ 49. Kf2 Bc4 50. Nh5 Ke5 51. Nf4 Ke4 52. Nfe2 1-0


[Site "https://www.chess.com"]

[Event "Titled Tuesday Blitz May 30 Early 2023"]
[White "Nepomniachtchi, Ian"]
[Black "Sjugirov, Sanan"]
[WhiteFideId "4168119"]
[BlackFideId "4189302"]
[WhiteElo "2781"]
[BlackElo "2569"]
[Result "1-0"]
[Round "07"]
[TimeControl "180+2"]
[Date "2023.05.30"]
[WhiteClock "0:00:12"]
[BlackClock "0:00:00"]

1. e4 e5 2. f4 exf4 3. Nf3 d6 4. Bc4 h6 5. h4 Nc6 6. d4 Bg4 7. Bxf4 Nf6 8. Nc3 Be7 9. d5 Ne5 10. Bxe5 dxe5 11. Bb5+ Nd7 12. Qd3 Bxf3 13. Bxd7+ Qxd7 14. Qxf3 Bb4 15. O-O-O Bxc3 16. Qxc3 O-O 17. Qxe5 Rae8 18. Qd4 Qg4 19. Kb1 b6 20. Rhe1 Qxh4 21. a4 Re7 22. Qc3 Rfe8 23. e5 Qxa4 24. d6 cxd6 25. exd6 Rxe1 26. Rxe1 Rd8 27. Qe5 Qd7 28. Rd1 Qe6 29. Qf4 g5 30. Qd4 Rd7 31. b3 Kh7 32. Ka2 Kg6 33. Rd3 Qf6 34. Qe4+ Kg7 35. Qc6 Qe6 36. Qc3+ Qf6 37. Qc6 Qe6 38. Qc3+ Qf6 39. Qb4 Qe5 40. g4 Qe6 41. Qd2 Qe5 42. Rd5 Qe6 43. Qc3+ Qf6 44. Qd3 Qe6 45. Qd4+ Qf6 46. Qd2 Qe6 47. Rd4 Qe5 48. c4 a5 49. Ka3 Qc5+ 50. Ka2 Qe5 51. Rd5 Qe4 52. Ka3 Qxg4 53. Ka4 Qe6 54. Kb5 g4 55. Kxb6 g3 56. c5 Qe4 57. c6 g2 58. Qc3+ Kh7 59. Rd1 Rxd6 60. Rxd6 g1=Q+ 61. Kb7 1-0


[Site "https://www.chess.com"]

[Event "Titled Tuesday Blitz May 30 Early 2023"]
[White "Durarbayli, Vasif"]
[Black "Duda, Jan-Krzysztof"]
[WhiteFideId "13402935"]
[BlackFideId "1170546"]
[WhiteElo "2551"]
[BlackElo "2790"]
[Result "0-1"]
[Round "07"]
[TimeControl "180+2"]
[Date "2023.05.30"]
[WhiteClock "0:00:00"]
[BlackClock "0:00:45"]

1. e4 c5 2. Nf3 d6 3. d4 cxd4 4. Nxd4 Nf6 5. Nc3 a6 6. Be2 e5 7. Nb3 Be7 8. O-O O-O 9. Re1 Be6 10. Bf3 Nbd7 11. a4 Nb6 12. Nd2 Rc8 13. Nf1 Rxc3 14. bxc3 Qc7 15. Ne3 Rc8 16. a5 Nc4 17. Nxc4 Qxc4 18. Ba3 Qxc3 19. Bxd6 Rd8 20. Bxe7 Rxd1 21. Rexd1 h6 22. h3 Bxh3 23. Ra3 Qxc2 24. gxh3 Nxe4 25. Rd8+ Kh7 26. Bxe4+ Qxe4 27. Re3 Qb1+ 28. Kg2 Qg6+ 29. Rg3 Qc6+ 30. Rf3 e4 31. Re3 f5 32. Bd6 Qd5 33. Rd7 f4 34. Rc3 e3+ 35. f3 Qd2+ 0-1


[Site "https://www.chess.com"]

[Event "Titled Tuesday Blitz May 30 Early 2023"]
[White "Makarian, Rudik"]
[Black "Bluebaum, Matthias"]
[WhiteFideId "44105681"]
[BlackFideId "24651516"]
[WhiteElo "2461"]
[BlackElo "2639"]
[Result "1/2-1/2"]
[Round "07"]
[TimeControl "180+2"]
[Date "2023.05.30"]
[WhiteClock "0:00:07"]
[BlackClock "0:00:07"]

1. d4 d5 2. c4 e6 3. Nf3 Nf6 4. g3 Nc6 5. Bg2 Bd6 6. O-O O-O 7. b3 dxc4 8. bxc4 e5 9. c5 Be7 10. dxe5 Qxd1 11. Rxd1 Ne4 12. Ba3 Bxc5 13. Bxc5 Nxc5 14. Nc3 Be6 15. Rac1 Rad8 16. Rxd8 Rxd8 17. Nb5 b6 18. Ng5 Nxe5 19. Nxe6 Nxe6 20. Nxa7 Rd2 21. Nb5 c5 22. Nc3 g5 23. h3 Kg7 24. Bf1 h5 25. Rb1 Rc2 26. Nd5 Rxa2 27. Nxb6 Nd4 28. Rc1 Rxe2 29. Rxc5 Re1 30. Kg2 g4 31. hxg4 hxg4 32. Nc4 Nxc4 33. Rxc4 Rd1 34. Ra4 f5 35. Ra7+ Kf6 36. Ra6+ Kg5 37. Ra5 Nf3 38. Ra8 Ne1+ 39. Kg1 Nf3+ 40. Kg2 Rd2 41. Rg8+ Kf6 42. Rf8+ Kg6 43. Re8 Kf7 44. Re2 Rd1 45. Ra2 Kf6 46. Ra6+ Kg5 47. Ra2 Rc1 48. Rb2 Ra1 49. Re2 Ra8 50. Re3 Rh8 51. Rxf3 gxf3+ 52. Kxf3 Rc8 53. Be2 Rc2 54. Ke3 Rc3+ 55. Kd2 Ra3 56. Bd1 Kf6 57. Ke2 Ke5 58. Bc2 Ra2 59. Kd2 Kd4 60. Kd1 Rb2 61. Bxf5 Rxf2 62. g4 Ke3 63. Kc1 Rg2 64. Kd1 Rh2 65. Kc1 Rd2 66. Kb1 Kd4 67. Ka1 Kc3 68. Kb1 Rd1+ 69. Ka2 Rg1 70. Bh7 Rh1 71. Bf5 Re1 72. Bg6 Re6 73. Bf5 Ra6+ 74. Kb1 Ra4 75. Bg6 Rb4+ 76. Ka1 Rb6 77. Bf5 Rb8 78. Ka2 Rb2+ 79. Ka3 Rb4 80. Ka2 Rb5 81. Ka1 Rb2 82. Bg6 Rf2 83. Bf5 Kb3 84. Be6+ Kc3 85. Bf5 Rb2 86. Bg6 Re2 87. Bf5 Kb3 88. Bg6 Re1+ 89. Bb1 Rg1 90. g5 Rxg5 91. Bh7 Rg1+ 92. Bb1 Rg2 93. Be4 Rh2 94. Bd5+ Kc3 95. Be4 Rd2 96. Bf5 Kb4 97. Bg6 Kb3 98. Bh7 Rg2 99. Be4 Rd2 100. Bf5 Re2 101. Bg6 Rf2 102. Bh7 Ra2+ 103. Kb1 Rh2 104. Bg8+ Kc3 105. Bf7 Rf2 106. Bg6 Rb2+ 107. Ka1 Rb6 108. Bh7 Rb7 109. Bg6 Rb4 110. Bf5 Rf4 111. Bg6 Rf2 112. Bh7 Rf7 113. Bg6 Ra7+ 114. Kb1 Rb7+ 115. Ka1 Rb6 116. Bh7 Rb4 117. Bf5 Rf4 118. Bh7 Kb3 119. Bg8+ Ka3 120. Bh7 Rf1+ 121. Bb1 Rf2 122. Bg6 Rb2 123. Bh7 Rb6 124. Bf5 Rb5 125. Bg6 Ra5 126. Kb1 Kb3 127. Bh7 Kc3 128. Bg6 Rb5+ 129. Ka1 Rg5 130. Bh7 Rg2 131. Bf5 Re2 132. Bg6 Kb3 133. Bh7 Ra2+ 134. Kb1 Rg2 135. Ka1 Rg3 136. Bf5 Re3 137. Bg6 Re5 138. Bf7+ Kc2 139. Bg6+ Kc1 140. Bf7 Rb5 1/2-1/2


[Site "https://www.chess.com"]

[Event "Titled Tuesday Blitz May 30 Early 2023"]
[White "Bjerre, Jonas Buhl"]
[Black "Dubov, Daniil"]
[WhiteFideId "1444948"]
[BlackFideId "24126055"]
[WhiteElo "2525"]
[BlackElo "2793"]
[Result "0-1"]
[Round "07"]
[TimeControl "180+2"]
[Date "2023.05.30"]
[WhiteClock "0:00:08"]
[BlackClock "0:01:06"]

1. d4 Nf6 2. c4 e6 3. Nf3 d5 4. g3 Be7 5. Bg2 O-O 6. Nc3 Nbd7 7. O-O dxc4 8. e4 b5 9. e5 Nd5 10. Nxb5 Bb7 11. Nd2 N7b6 12. Qe2 c5 13. dxc5 Bxc5 14. Nxc4 Nxc4 15. Qxc4 Qb6 16. a4 a6 17. Nc3 Nxc3 18. Qxc3 Rac8 19. a5 Qb5 20. Qd2 Rfd8 21. Qg5 Bxg2 22. Kxg2 Rd3 23. Qg4 Bd4 24. Bf4 Qd5+ 25. Kg1 Rc2 26. Rae1 Rf3 27. Bh6 g6 28. Rd1 Rfxf2 29. Rxf2 Rxf2 0-1


[Site "https://www.chess.com"]

[Event "Titled Tuesday Blitz May 30 Early 2023"]
[White "Martinez Alcantara, Jose Eduardo"]
[Black "Ahmadzada, Ahmad"]
[WhiteFideId "3805662"]
[BlackFideId "13413007"]
[WhiteElo "2711"]
[BlackElo "2388"]
[Result "1-0"]
[Round "07"]
[TimeControl "180+2"]
[Date "2023.05.30"]
[WhiteClock "0:00:05"]
[BlackClock "0:00:00"]

1. e4 c5 2. Nf3 e6 3. c3 d5 4. e5 Bd7 5. d4 Qb6 6. Bd3 cxd4 7. cxd4 Bb5 8. O-O Bxd3 9. Qxd3 Qa6 10. Qd1 Nc6 11. Nc3 Nge7 12. a3 Rc8 13. h4 h5 14. Ne2 Nf5 15. Ng3 g6 16. Nxf5 gxf5 17. Bg5 Be7 18. Rc1 Kd7 19. Qd2 Rhg8 20. g3 Qa4 21. Rc3 Bxg5 22. hxg5 Na5 23. Rxc8 Rxc8 24. g6 fxg6 25. Qh6 Re8 26. Qxg6 Nc6 27. Rc1 Qb3 28. Qxh5 Qxb2 29. Rd1 Qb3 30. Ng5 Re7 31. Nh7 Kc7 32. Nf6 a5 33. Kg2 Qxa3 34. Ne8+ Kb8 35. Nd6 Qb3 36. Rc1 Qb2 37. Qh8+ Ka7 38. Nc8+ Ka6 39. Rxc6+ bxc6 40. Nxe7 Qxd4 41. Qa8+ Kb5 42. Qxc6+ Kb4 43. Qxe6 Qe4+ 44. Kh2 d4 45. Qd6+ Kc3 46. Nd5+ Kc2 47. Nf4 d3 48. Nxd3 a4 49. Nc5 1-0


[Site "https://www.chess.com"]

[Event "Titled Tuesday Blitz May 30 Early 2023"]
[White "Lazavik, Denis"]
[Black "Bachmann, Axel"]
[WhiteFideId "13515110"]
[BlackFideId "3700488"]
[WhiteElo "2560"]
[BlackElo "2605"]
[Result "1-0"]
[Round "07"]
[TimeControl "180+2"]
[Date "2023.05.30"]
[WhiteClock "0:00:11"]
[BlackClock "0:00:00"]

1. d4 Nf6 2. c4 g6 3. g3 Bg7 4. Bg2 O-O 5. Nc3 d6 6. Nf3 Nbd7 7. O-O e5 8. e4 exd4 9. Nxd4 Re8 10. h3 a6 11. Be3 Rb8 12. a4 Ne5 13. b3 c5 14. Nde2 Be6 15. Qc2 Qa5 16. Rad1 Rbd8 17. f4 Nc6 18. g4 Bc8 19. f5 gxf5 20. gxf5 Kh8 21. Bg5 Rg8 22. Qd2 Nd4 23. Nxd4 cxd4 24. Nd5 Qxd2 25. Rxd2 Nxd5 26. Bxd8 Ne3 27. Bb6 Nxf1 28. Kxf1 Be5 29. Bxd4 Kg7 30. Bxe5+ dxe5 31. Rd6 f6 32. Kf2 Kf7 33. Bf3 Ke7 34. Rb6 Rd8 35. Ke3 Rd6 36. a5 Rxb6 37. axb6 a5 38. c5 Kd7 39. Kd3 Kc6 40. Kc4 1-0


[Site "https://www.chess.com"]

[Event "Titled Tuesday Blitz May 30 Early 2023"]
[White "Deac, Bogdan-Daniel"]
[Black "Vitiugov, Nikita"]
[WhiteFideId "1226380"]
[BlackFideId "4152956"]
[WhiteElo "2649"]
[BlackElo "2673"]
[Result "1-0"]
[Round "07"]
[TimeControl "180+2"]
[Date "2023.05.30"]
[WhiteClock "0:00:03"]
[BlackClock "0:00:00"]

1. e4 c5 2. Nf3 e6 3. c3 Nf6 4. e5 Nd5 5. Bc4 d6 6. d4 cxd4 7. cxd4 Be7 8. O-O O-O 9. Qe2 Nc6 10. a3 Bd7 11. Rd1 Rc8 12. Bxd5 exd5 13. Nc3 Be6 14. Bf4 Qd7 15. exd6 Bxd6 16. Bxd6 Qxd6 17. Ne5 Ne7 18. Rd3 Bf5 19. Re3 Ng6 20. Qb5 Be6 21. Rae1 Nxe5 22. Rxe5 b6 23. Qd3 Qd7 24. h4 h6 25. f4 g6 26. h5 Bf5 27. Qg3 Kh8 28. hxg6 fxg6 29. Qh4 Qg7 30. Re7 Qxd4+ 31. Kh1 Kg8 32. Qxh6 Qh8 33. Qxh8+ Kxh8 34. Nxd5 Rcd8 35. Nc3 1-0


[Site "https://www.chess.com"]

[Event "Titled Tuesday Blitz May 30 Early 2023"]
[White "Babazada, Khazar"]
[Black "Dragnev, Valentin"]
[WhiteFideId "13413554"]
[BlackFideId "1634852"]
[WhiteElo "2351"]
[BlackElo "2487"]
[Result "1-0"]
[Round "07"]
[TimeControl "180+2"]
[Date "2023.05.30"]
[WhiteClock "0:00:16"]
[BlackClock "0:00:13"]

1. e4 c5 2. Nf3 d6 3. d4 cxd4 4. Nxd4 Nf6 5. Nc3 a6 6. Be2 e5 7. Nb3 Be6 8. f4 Qc7 9. O-O Nbd7 10. Be3 Rc8 11. a4 Nb6 12. f5 Nc4 13. Bc1 Bd7 14. Kh1 Be7 15. a5 O-O 16. Bxc4 Qxc4 17. Bg5 Bc6 18. Nd2 Qb4 19. Ra2 h6 20. Bxf6 Bxf6 21. Qf3 Bg5 22. Rd1 Rfd8 23. Nf1 Qc5 24. g3 b5 25. h4 Bf6 26. Ne3 b4 27. Ncd5 Bxd5 28. Rxd5 Qa7 29. Ra1 Rc6 30. Rad1 Qc7 31. R5d2 Qxa5 32. Nd5 Rdc8 33. Qg4 Kf8 34. Qh5 Rxc2 35. Nxf6 gxf6 36. Qxh6+ Ke7 37. Rxd6 b3 38. Rd7+ Ke8 39. Qh8# 1-0


[Site "https://www.chess.com"]

[Event "Titled Tuesday Blitz May 30 Early 2023"]
[White "Kravtsiv, Martyn"]
[Black "Lenderman, Aleksandr"]
[WhiteFideId "14113147"]
[BlackFideId "2021285"]
[WhiteElo "2695"]
[BlackElo "2607"]
[Result "0-1"]
[Round "07"]
[TimeControl "180+2"]
[Date "2023.05.30"]
[WhiteClock "0:00:00"]
[BlackClock "0:00:57"]

1. e4 d5 2. exd5 Nf6 3. d4 Bg4 4. f3 Bf5 5. g4 Bc8 6. c4 e6 7. Nc3 exd5 8. g5 Nh5 9. Qe2+ Be7 10. Nxd5 Nc6 11. Be3 O-O 12. f4 g6 13. Nf3 Re8 14. Ne5 Nxe5 15. dxe5 c6 16. Nxe7+ Rxe7 17. Bg2 Bf5 18. Rd1 Rd7 19. Rxd7 Qxd7 20. Qd2 Qe7 21. Qd6 Qe8 22. Kf2 Rd8 23. Qc5 Rd3 24. Bf1 Qd7 25. Bxd3 Qxd3 26. Qd4 Qc2+ 27. Bd2 Bd3 28. Qc3 Qxc3 29. bxc3 Bxc4 30. Be3 b6 31. Rd1 Bd5 32. c4 Bxc4 33. Rd7 Bxa2 34. Rxa7 Bd5 35. f5 gxf5 36. Bxb6 Kg7 37. Bd4 Kg6 38. h4 f4 39. Ra8 Kf5 40. Rh8 Kg4 41. Rxh7 Kxh4 42. g6 fxg6 43. Re7 Kg4 44. e6 Kf5 45. Rc7 Kxe6 46. Bb2 Kf5 47. Rh7 Ng3 48. Rh8 g5 49. Ke1 Ne4 50. Rf8+ Kg4 51. Rg8 Bxg8 0-1


[Site "https://www.chess.com"]

[Event "Titled Tuesday Blitz May 30 Early 2023"]
[White "Mischuk, Dmitry"]
[Black "Narayanan, Srinath"]
[WhiteFideId "14118734"]
[BlackFideId "5018420"]
[WhiteElo "2256"]
[BlackElo "2438"]
[Result "0-1"]
[Round "07"]
[TimeControl "180+2"]
[Date "2023.05.30"]
[WhiteClock "0:00:00"]
[BlackClock "0:00:53"]

1. d4 Nf6 2. c4 e6 3. Nc3 Bb4 4. Bd2 b6 5. e3 Bb7 6. Nf3 Bxc3 7. Bxc3 Ne4 8. Rc1 d6 9. Be2 Nd7 10. O-O O-O 11. Be1 f5 12. Nd2 Qg5 13. Nxe4 fxe4 14. b4 Rf6 15. c5 bxc5 16. dxc5 Bd5 17. cxd6 cxd6 18. Bc3 Rg6 19. g3 Rf8 20. a4 Qf5 21. Bh5 Rg5 22. Be2 Qh3 23. Bd4 Rf3 24. Rc8+ Nf8 25. Rc7 e5 26. Bxe5 Rxe5 27. Qd4 Ne6 28. Rc8+ Kf7 29. Qxa7+ Kg6 30. Rg8 Rh5 31. Rxg7+ Nxg7 0-1


[Site "https://www.chess.com"]

[Event "Titled Tuesday Blitz May 30 Early 2023"]
[White "Ibarra Jerez, Jose Carlos"]
[Black "NikaVolkov"]
[WhiteFideId "2226332"]
[WhiteElo "2638"]
[BlackElo "2658"]
[Result "1-0"]
[Round "07"]
[TimeControl "180+2"]
[Date "2023.05.30"]
[WhiteClock "0:01:35"]
[BlackClock "0:00:43"]

1. e4 c5 2. Ne2 e6 3. d4 d5 4. exd5 exd5 5. Nbc3 Nf6 6. g3 Nc6 7. Bg2 Be7 8. O-O O-O 9. dxc5 Bxc5 10. Nxd5 Nxd5 11. Qxd5 Qb6 12. Nc3 Be6 13. Qh5 Qa5 14. Qh4 Nd4 15. Be3 Nxc2 16. Be4 h6 17. Bxc5 Nxa1 18. Bxf8 Rxf8 19. Rxa1 Qb6 20. Rb1 Rd8 21. Qf4 Rd4 22. Qe3 Qd8 23. Bxb7 Bf5 24. Re1 Kh7 25. Be4 1-0


[Site "https://www.chess.com"]

[Event "Titled Tuesday Blitz May 30 Early 2023"]
[White "Narayanan.S.L"]
[Black "Veiga, Jose Francisco R P Neves"]
[WhiteFideId "5058422"]
[BlackFideId "1930087"]
[WhiteElo "2563"]
[BlackElo "2320"]
[Result "1-0"]
[Round "07"]
[TimeControl "180+2"]
[Date "2023.05.30"]
[WhiteClock "0:00:56"]
[BlackClock "0:00:04"]

1. Nf3 Nf6 2. g3 g6 3. Bg2 Bg7 4. b3 c5 5. Bb2 Nc6 6. O-O O-O 7. e3 d6 8. d4 Bf5 9. a3 Ne4 10. Nh4 d5 11. Nxf5 gxf5 12. c3 e6 13. Nd2 cxd4 14. cxd4 Rc8 15. b4 a5 16. b5 Na7 17. a4 Qd7 18. Nf3 Rc4 19. Ne5 Bxe5 20. dxe5 Rfc8 21. Bd4 Nc5 22. Kh1 b6 23. g4 fxg4 24. Qxg4+ Kh8 25. Rg1 Rg8 26. Qf4 Qe7 27. Bf3 Rg6 28. Rxg6 fxg6 29. h4 Nb3 30. Rg1 Nxd4 31. exd4 Rxa4 32. h5 Nxb5 33. hxg6 Rxd4 34. Qg3 Qh4+ 35. Kg2 Qxg3+ 36. Kxg3 hxg6 37. Bg4 Re4 38. f4 Nd4 39. Rc1 g5 40. fxg5 Rxe5 41. Kh4 Nf5+ 42. Kh5 Ne7 43. Rc7 Nf5 44. Kg6 Nd6 45. Rd7 Rxg5+ 46. Kxg5 Ne4+ 47. Kg6 1-0


[Site "https://www.chess.com"]

[Event "Titled Tuesday Blitz May 30 Early 2023"]
[White "Yuan, Qingyu"]
[Black "Pranav, V"]
[WhiteFideId "8609772"]
[BlackFideId "25060783"]
[WhiteElo "2359"]
[BlackElo "2515"]
[Result "0-1"]
[Round "07"]
[TimeControl "180+2"]
[Date "2023.05.30"]
[WhiteClock "0:00:34"]
[BlackClock "0:00:58"]

1. e4 c5 2. Nf3 d6 3. Bb5+ Nd7 4. c3 a6 5. Ba4 b5 6. Bc2 Bb7 7. O-O Ngf6 8. d4 e6 9. Qe2 Qc7 10. Bd3 Be7 11. Bf4 O-O 12. Nbd2 e5 13. Bg3 Rfe8 14. d5 c4 15. Bc2 Nc5 16. b4 cxb3 17. axb3 Nh5 18. Rfc1 Nf4 19. Qe3 Bf6 20. b4 Nd7 21. Bd3 Nb6 22. Bf1 Rac8 23. h3 Qd8 24. c4 bxc4 25. Nxc4 Nxc4 26. Bxc4 h6 27. Qa7 Re7 28. Bxa6 Ra8 29. Bxb7 Rxa7 30. Rxa7 Ne2+ 31. Kf1 Nxc1 32. Ra8 Rxb7 33. Rxd8+ Bxd8 34. Bf4 exf4 0-1


[Site "https://www.chess.com"]

[Event "Titled Tuesday Blitz May 30 Early 2023"]
[White "Papasimakopoulos, Alexandros"]
[Black "Pranesh M"]
[WhiteFideId "4244125"]
[BlackFideId "35028600"]
[WhiteElo "2359"]
[BlackElo "2437"]
[Result "1/2-1/2"]
[Round "07"]
[TimeControl "180+2"]
[Date "2023.05.30"]
[WhiteClock "0:01:06"]
[BlackClock "0:01:36"]

1. d4 d5 2. c4 e6 3. Nc3 Nf6 4. cxd5 exd5 5. Bg5 c6 6. e3 Bb4 7. Bd3 h6 8. Bh4 Nbd7 9. Nf3 Nf8 10. O-O Ng6 11. Bg3 O-O 12. Qc2 Qe8 13. a3 Bxc3 14. bxc3 Ne4 15. c4 Bg4 16. Nd2 Nxg3 17. hxg3 Ne7 18. Rab1 Qd7 19. cxd5 cxd5 20. Qb3 b6 21. Nf3 Qd6 22. Rbc1 Rfc8 23. Ba6 Rc7 24. Qb4 Qd8 25. Qb2 Bc8 26. Rxc7 Qxc7 27. Rc1 Qd8 28. Bb5 Be6 29. Ba6 Bc8 30. Bd3 Be6 31. Ba6 Bc8 1/2-1/2


[Site "https://www.chess.com"]

[Event "Titled Tuesday Blitz May 30 Early 2023"]
[White "Kuzubov, Yuriy"]
[Black "Kilic, Eray"]
[WhiteFideId "14112906"]
[BlackFideId "44517173"]
[WhiteElo "2496"]
[BlackElo "2328"]
[Result "1-0"]
[Round "07"]
[TimeControl "180+2"]
[Date "2023.05.30"]
[WhiteClock "0:00:08"]
[BlackClock "0:00:00"]

1. d4 Nf6 2. Nf3 g6 3. Nbd2 d5 4. b4 Bg7 5. Bb2 O-O 6. e3 a5 7. b5 Nbd7 8. c4 dxc4 9. Bxc4 Nb6 10. Bd3 a4 11. Ba3 Re8 12. Qc2 Bd7 13. Ne5 Nfd5 14. O-O Rc8 15. Rac1 Be6 16. Rfd1 c5 17. bxc6 Bxe5 18. dxe5 Rxc6 19. Qb2 Nxe3 20. fxe3 Rxc1 21. Qxc1 Qxd3 22. Nf3 Qc4 23. Qxc4 Nxc4 24. Bc5 Rc8 25. Bxe7 Nxe3 26. Re1 Nf5 27. Bf6 Bxa2 28. g4 Ng7 29. Ra1 Bd5 30. Nd4 Rc4 31. Nb5 Rxg4+ 32. Kf2 Ne8 33. Be7 Rf4+ 34. Ke3 Re4+ 35. Kd3 Rxe5 36. Bb4 Be4+ 37. Kc4 Bc2 38. Nd4 b5+ 39. Kc3 Be4 40. Re1 Nf6 41. Nc6 Re6 42. Nd4 Re8 43. Kb2 Kg7 44. Bc3 Kg8 45. Nxb5 Nd5 46. Bd4 f5 47. Nd6 Rb8+ 48. Ka3 Nb4 49. Kxa4 Nc2 50. Rd1 Bc6+ 51. Ka5 Bf3 52. Rd3 Rd8 53. Bc3 Be4 54. Rd2 1-0


[Site "https://www.chess.com"]